 Dungeon Crawl Stone Soup version 0.28.0-53-g5a82cb258f (webtiles) character file.

Game seed: 18056635200704477143

37 Zeld the Gusty (level 3, -1/19 HPs)
             Began as a Tengu Air Elementalist on May 21, 2022.
             Slain by a goblin
             ... wielding a +0 club
              (3 damage)
             ... on level 2 of the Dungeon.
             The game lasted 00:01:50 (2196 turns).

Zeld the Gusty (Tengu Air Elementalist)             Turns: 2196, Time: 00:01:51

Health: -1/19      AC:  2    Str:  8    XL:     3   Next: 41%
Magic:  7/7        EV: 12    Int: 17    God:
Gold:   43         SH:  0    Dex: 14    Spells: 1/7 levels left

rFire   . . .      SeeInvis .   (no weapon)
rCold   . . .      Faith    .   (no shield)
rNeg    . . .      Spirit   .   a - +0 robe
rPois   .          Reflect  .   (helmet restricted)
rElec   .          Harm     .   (no cloak)
rCorr   .          Rampage  .   (no gloves)
Will    .....                   (boots unavailable)
Stlth   ++........              (no amulet)
HPRegen 0.06/turn               (no ring)
MPRegen 0.10/turn               (no ring)

@: lethally poisoned (-1 -> -9)
A: beak, talons 3
a: no special abilities


You were on level 2 of the Dungeon.
You visited 1 branch of the dungeon, and saw 2 of its levels.

You collected 43 gold pieces.

Inventory:

Armour
 a - a +0 robe (worn)
Scrolls
 b - 3 scrolls of enchant weapon {unknown}
 c - a scroll of magic mapping {unknown}
 e - a scroll of vulnerability {unknown}
Potions
 d - a potion of mutation {unknown}


   Skills:
 + Level 2.5 Dodging
 - Level 2.0 Stealth
 * Level 2.5 Spellcasting
 + Level 2.1 Conjurations
 * Level 4.6 Air Magic


You had one spell level left.
You knew the following spells:

 Your Spells              Type           Power      Damage    Failure   Level
a - Shock                 Conj/Air       52%        1d6       4%          1
b - Static Discharge      Conj/Air       13%        N/A       7%          2
c - Swiftness             Air            18%        N/A       9%          3

Your spell library contained the following spells:

 Spells                   Type           Power      Damage    Failure   Level
 Slow                     Hex            8%         N/A       19%         1
 Airstrike                Air            9%         N/A       26%         4
 Confusing Touch          Hex            2%         N/A       50%         3
 Vampiric Draining        Necr           2%         2d6       50%         3


Dungeon Overview and Level Annotations

Branches:
Dungeon (2/15)

Altars:


Innate Abilities, Weirdness & Mutations

You have a beak for a mouth.
You have claws for feet.


Message History

Done exploring.
There is an escape hatch in the floor here.
You slide downwards.
The hatch slams shut behind you. The bat barely misses you.
The rat bites you but does no damage.
There are monsters nearby!
The bat closely misses you. The rat bites you.
The bat hits you but does no damage. The rat barely misses you.
The bat misses you. The bat hits you but does no damage.
The bat closely misses you.
The gnoll hits you from afar with a +0 halberd!
Ouch! That really hurt!
The bat closely misses you. The bat barely misses you.
The rat closely misses you. The gnoll misses you.
A goblin comes into view. It is wielding a +0 club.
Found a stone staircase leading down and a stone staircase leading up.
The bat hits you but does no damage. The bat closely misses you.
The rat twitches its whiskers.
The bat hits you but does no damage. The bat hits you.
The bat closely misses you.
A goblin and a gnoll come into view.
The gnoll shouts!
You hear a shout!
The bat barely misses you.
The goblin shouts!
You hear an angry hiss.
The bat misses you.
An adder comes into view.
The bat hits you but does no damage. The bat hits you but does no damage.
You hit the goblin. You peck the goblin, but do no damage.
The goblin is moderately wounded.
The bat misses you. The goblin closely misses you.
The goblin closely misses you. The adder bites you.
* * * LOW HITPOINT WARNING * * *
The goblin hits you but does no damage.
You hit the goblin but do no damage. Your peck misses the goblin.
The adder bites you.
* * * LOW HITPOINT WARNING * * *
You are lethally poisoned!
The adder poisons you! The goblin hits you with a +0 club.
You die...

....≈. ≈≈..≈....#.#
.....≈ .g..g....#.# ....
.≈≈.......# ... .....#..#
g## ##..#..# ..###
###...gb.#
.r.g######....##b########
##.gh..>.....###gr.......
...####....#.# #@S.......
#### ##...##.##g.........
######...##..............
..##..>......###.><......
..........##.# ##########
.†......g..#.#
...........#.#
...........#..
b..........##.


You could see a gnoll, an adder, 2 goblins, 2 bats and a rat.

Vanquished Creatures
  A dart slug (D:1)
  6 endoplasms
  2 giant cockroaches (D:1)
  6 goblins (D:1)
  3 hobgoblins
  2 jackals
  2 kobolds (D:1)
  A quokka (D:2)
  2 ball pythons
  3 bats (D:1)
  A rat (D:1)
29 creatures vanquished.

Vanquished Creatures (others)
  3 plants (D:1)
3 creatures vanquished.

Grand Total: 32 creatures vanquished

Notes
Turn   | Place    | Note
-------+----------+-------------------------------------------
     0 | D:1      | Zeld the Tengu Air Elementalist began the quest for the
                  | Orb.
     0 | D:1      | Reached XP level 1. HP: 10/10 MP: 4/4
   105 | D:1      | Reached XP level 2. HP: 10/15 MP: 0/6
   197 | D:1      | Learned a level 2 spell: Static Discharge
  1080 | D:1      | Found a faded altar of an unknown god.
  1382 | D:1      | Reached XP level 3. HP: 18/19 MP: 4/7
  1386 | D:1      | Learned a level 3 spell: Swiftness
  2196 | D:2      | Slain by a goblin

Illustrated notes

Levels and vault maps discovered:
D:1:      dpeg_arrival_rhombi, layout_loops_cross,
          shapermc_ecumenical_altar_mp_ritualfount, kennysheep_small_spiral,
          st_stairs_5
D:2:      cheibrodos_helix_gallery, layout_rooms, uniq_jessica

Skill      XL: |  1  2 |
---------------+-------+-----
Conjurations   | 2 |  2.1
Dodging        | |  2.5
Stealth        | |  2.0
Spellcasting   | |  2.5
Air Magic      | |  4.6

Action                   || total
-------------------------++-------
Melee: Unarmed           ||    22
       Kick              ||     6
       Peck              ||     5
       Punch             ||     2
 Cast: Shock             ||     9
       Static Discharge  ||    25
 Stab: Sleeping          ||     2
Armor: Robe              ||    25
Dodge: Dodged            ||    89
